 Dungeon Crawl Stone Soup version 0.28.0-43-g3370ac3207 (webtiles) character file.

Game seed: 6960976330396182650

8731 Peloso the Blocker (level 11, -1/92 HPs)
             Began as a Minotaur Fighter on Mar 4, 2022.
             Was an Elder of Okawaru.
             Killed by vampiric draining
             ... invoked by a vampire
              (19 damage)
             ... on level 10 of the Dungeon.
             The game lasted 00:17:14 (9917 turns).

Peloso the Blocker (Minotaur Fighter)               Turns: 9917, Time: 00:17:14

Health: -1/92      AC: 20    Str: 24    XL:     11   Next: 13%
Magic:  10/10      EV:  9    Int:  5    God:    Okawaru [****..]
Gold:   929        SH:  0    Dex: 11    Spells: 10/10 levels left

rFire   . . .      SeeInvis .   a - +3 falchion
rCold   . . .      Faith    .   c - +0 tower shield
rNeg    . . .      Spirit   .   K - +0 plate armour
rPois   .          Reflect  .   (helmet restricted)
rElec   .          Harm     .   (no cloak)
rCorr   .          Rampage  .   (no gloves)
Will    .....                   (no boots)
Stlth   ..........              (no amulet)
HPRegen 0.25/turn               o - +4 ring of protection
MPRegen 0.12/turn               G - +4 ring of slaying

@: confused, heroic, ambrosia-drunk
A: horns 2, retaliatory headbutt
a: Renounce Religion, Heroism, Finesse


You were on level 10 of the Dungeon.
You worshipped Okawaru.
Okawaru was greatly pleased with you.
You visited 2 branches of the dungeon, and saw 11 of its levels.
You also visited: Ossuary.

You collected 929 gold pieces.

Inventory:

Hand Weapons
 a - a +3 falchion (weapon)
 b - a +1 morningstar of flaming
 I - the +9 dagger "Hydexy" {vorpal, rElec rF+ rN+ Will+}
   (You found it on level 4 of the Dungeon)

   It inflicts extra damage upon your enemies.
   rF:        It protects you from fire.
   rElec:     It insulates you from electricity.
   rN:        It protects you from negative energy.
   Will:      It increases your willpower.
Armour
 c - a +0 tower shield (worn)
 r - a +0 scale mail
 t - a +0 chain mail
 K - a +0 plate armour (worn)
Jewellery
 o - a +4 ring of protection (left hand)
 z - a ring of flight
 F - a ring of protection from fire
 G - a +4 ring of slaying (right hand)
Wands
 m - a wand of acid (5)
 v - a wand of charming (11)
 M - a wand of mindburst (7)
Scrolls
 f - 2 scrolls of brand weapon
 h - 3 scrolls of identify
 j - a scroll of holy word
 p - 3 scrolls of fog
 w - 6 scrolls of teleportation
 y - a scroll of summoning {unknown}
 B - 2 scrolls of fear {unknown}
 C - a scroll of torment {unknown}
 D - a scroll of immolation {unknown}
 H - a scroll of enchant armour {unknown}
 J - a scroll of magic mapping {unknown}
 L - a scroll of vulnerability {unknown}
Potions
 d - a potion of might
 e - a potion of magic
 g - a potion of berserk rage
 i - 3 potions of lignification {unknown}
 k - 4 potions of brilliance {unknown}
 l - a potion of cancellation {unknown}
 q - 2 potions of haste
 s - a potion of degeneration
 u - a potion of heal wounds {unknown}
 x - 2 potions of flight {unknown}
 A - 2 potions of mutation {unknown}
 E - 2 potions of curing {unknown}


   Skills:
 + Level 7.2(12.2) Fighting
 + Level 7.6(14.0) Short Blades
 + Level 8.0(14.7) Long Blades
 + Level 10.1(15.1) Armour
 + Level 4.7(9.7) Dodging
 + Level 0.8(5.8) Stealth
 + Level 12.3(17.3) Shields
 + Level 1.1 Invocations


You had 10 spell levels left.
You didn't know any spells.
Your spell library contained the following spells:

 Spells                   Type           Power      Damage    Failure   Level
 Foxfire                  Conj/Fire      0%         2x1d4     100%        1
 Conjure Flame            Conj/Fire      0%         6-21      100%        3
 Gell's Gravitas          Tloc           0%         N/A       100%        3
 Inner Flame              Hex/Fire       0%         N/A       100%        3
 Lesser Beckoning         Tloc           0%         N/A       100%        3
 Teleport Other           Tloc           0%         N/A       100%        3
 Flame Wave               Conj/Fire      0%         2d4       100%        4
 Fulminant Prism          Conj/Hex       0%         3d6       100%        4
 Freezing Cloud           Conj/Ice/Air   0%         6-21      100%        5
 Dispersal                Tloc           0%         N/A       100%        6
 Iron Shot                Conj/Erth      0%         9d1       100%        6
 Call Canine Familiar     Summ           Unusable   N/A       N/A         3
 Summon Cactus Giant      Summ           Unusable   N/A       N/A         6
 Summon Hydra             Summ           Unusable   N/A       N/A         7

Dungeon Overview and Level Annotations

Branches:
Dungeon (10/15)            Temple (1/1) D:6            Lair (0/6) D:9
Ossuary (visited)
    Orc: D:9-12

Altars:
Ashenzari
Cheibriados
Dithmenos
Elyvilon
Fedhas
Gozag
Hepliaklqana
Kikubaaqudgha
Makhleb
Nemelex Xobeh
Okawaru
Qazlal
Ru
Sif Muna
Trog
Uskayaw
Vehumet
Wu Jian
Xom
Yredelemnul
Zin
The Shining One
Beogh

Shops:
D:4 (

Annotations:
D:6 3 runed translucent doors, kthxbai's ghost, novice BaIE
D:9 2 transporters, aoei's ghost, novice DDFi


Innate Abilities, Weirdness & Mutations

You have a pair of horns on your head.
You reflexively headbutt those who attack you in melee.


Message History

Deactivating autopickup; reactivate with Ctrl-A.
You block something's attack. Something bites you.
Something draws strength from your injuries!
You hit something. Something hits you. Something bites you but does no damage.
You slash something! You block something's attack. Something bites you!
Something draws strength from your injuries!
You closely miss something. You headbutt something!
Something draws life force from you!
You miss something. Something hits you. Something bites you but does no damage.
Something hits you but does no damage. Something bites you but does no damage.
You slash something! You headbutt something.
Something hits you but does no damage. Something bites you.
Something draws strength from your injuries!
You barely miss something. You headbutt something! Something hits you!
Something bites you but does no damage.
You closely miss something. Something draws life force from you!
You hit something. You headbutt something. Something hits you!
Something bites you but does no damage.
You closely miss something. Your headbutt misses something.
You block something's attack. Something bites you but does no damage.
You barely miss something. You block something's attack.
Something bites you but does no damage.
You gain the combat prowess of a mighty hero.
Something draws life force from you!
* * * LOW HITPOINT WARNING * * *
You hit something. Something hits you but does no damage.
Something bites you but does no damage.
You hit something. You hit something. You headbutt something!
You hear some strange, mumbled words.
You are confused.
You are more confused.
You feel invigorated. Something hits you but does no damage.
Something bites you but does no damage. Something draws life force from you!
* * * LOW HITPOINT WARNING * * *
Something draws life force from you!
* * * LOW HITPOINT WARNING * * *
Something draws life force from you!!
You die...

#...................
#####...................
........................
.................(......
........................
........................
........................
....................<...
###..@................
#...{...............
#...................
#...................
#...................
##...##########.....
#.... #..... #.... #...


There were no monsters in sight!

Vanquished Creatures
  A two-headed ogre (D:9)
  A manticore (D:8)
  2 deep elf pyromancers
  A hornet (D:8)
  Sigmund (D:5)
  A wyvern (D:8)
  9 yaks
  Grum (D:8)
  2 steam dragons (D:9)
  2 vampire mosquitoes (D:5)
  Edmund (D:6)
  3 water moccasins
  2 orc warriors
  A sky beast (D:6)
  3 black bears
  An ogre (D:5)
  3 centaurs
  4 wolves (D:8)
  A phantom (D:4)
  2 kobold brigands
  2 bullfrogs (D:8)
  A scorpion (D:7)
  3 water moccasin skeletons
  9 killer bees
  3 wights (D:8)
  3 howler monkeys
  6 centaur zombies
  2 jellies
  9 orc priests
  3 centaur skeletons
  4 hounds
  Natasha (thrice) (D:3)
  Terence (D:2)
  An iguana (D:5)
  10 orc wizards
  3 mummies
  3 howler monkey zombies
  Robin (D:3)
  5 adders
  2 white imps
  An ufetubus (D:4)
  2 dart slugs
  A worm (D:4)
  53 orcs
  4 bats
  5 endoplasms
  5 giant cockroaches
  7 gnoll zombies (Ossuary)
  10 goblins
  5 hobgoblins
  6 quokkas
  9 ball pythons
  2 frilled lizards
  5 goblin zombies (Ossuary)
  2 hobgoblin zombies
  23 kobolds
  An orc zombie (D:4)
  5 rats
  A spectral hobgoblin (D:2)
263 creatures vanquished.

Notes
Turn   | Place    | Note
-------+----------+-------------------------------------------
     0 | D:1      | Peloso the Minotaur Fighter began the quest for the Orb.
     0 | D:1      | Reached XP level 1. HP: 19/19 MP: 0/0
   116 | D:1      | Reached XP level 2. HP: 27/27 MP: 1/1
   656 | D:2      | Reached XP level 3. HP: 32/33 MP: 2/2
   835 | D:2      | Noticed Terence
   853 | D:2      | Killed Terence
   854 | D:2      | Reached skill level 4 in Shields
  1009 | D:2      | Reached XP level 4. HP: 38/41 MP: 3/3
  1038 | D:2      | Found a faded altar of an unknown god.
  1530 | D:3      | Noticed Natasha
  1539 | D:3      | Killed Natasha
  1957 | D:3      | Reached skill level 1 in Dodging
  1979 | D:3      | Noticed Robin
  1990 | D:3      | Killed Robin
  1991 | D:3      | Reached XP level 5. HP: 34/47 MP: 4/4
  2592 | D:3      | Found a faded altar of an unknown god.
  2597 | D:3      | Found an opulent altar of Gozag.
  2617 | D:3      | Noticed Natasha
  2623 | D:3      | Killed Natasha
  2624 | D:3      | Reached skill level 5 in Armour
  2982 | D:4      | Found Wieddos's Weapon Shop.
  3056 | D:4      | Found a sand-covered staircase.
  3132 | Ossuary  | Entered an ossuary
  3263 | Ossuary  | Reached XP level 6. HP: 53/53 MP: 5/5
  3317 | Ossuary  | Reached skill level 5 in Long Blades
  3460 | D:3      | Noticed Natasha
  3464 | D:3      | Killed Natasha
  3712 | D:4      | Identified the +9 dagger "Hydexy" {vorpal, rElec rF+ rN+
                  | Will+}
  3905 | D:4      | Reached XP level 7. HP: 60/60 MP: 6/6
  4022 | D:5      | Entered Level 5 of the Dungeon
  4032 | D:5      | Reached skill level 5 in Fighting
  4070 | D:5      | Reached skill level 1 in Short Blades
  4171 | D:5      | Reached skill level 5 in Shields
  4537 | D:5      | Noticed Sigmund
  4562 | D:5      | Killed Sigmund
  4563 | D:5      | Reached XP level 8. HP: 47/69 MP: 7/7
  4566 | D:5      | Reached skill level 6 in Shields
  4869 | D:5      | Reached skill level 7 in Shields
  5116 | D:6      | HP: 3/69 [poisoned by a water moccasin]
  5449 | D:6      | Reached XP level 9. HP: 71/75 MP: 8/8
  5517 | D:6      | Found a staircase to the Ecumenical Temple.
  5534 | Temple   | Entered the Ecumenical Temple
  5662 | Temple   | Became a worshipper of Warmaster Okawaru
  5709 | D:6      | Got the Compendium of Creative Confrontation
  5726 | D:6      | Noticed Edmund
  5744 | D:6      | Killed Edmund
  6034 | D:6      | Reached skill level 8 in Shields
  6044 | D:6      | Found a runed translucent gate.
  6044 | D:6      | Found a runed translucent gate.
  6044 | D:6      | Found a runed translucent gate.
  6049 | D:6      | Noticed kthxbai's ghost (novice BaIE)
  6296 | D:7      | Reached skill level 5 in Short Blades
  6405 | D:7      | Reached * piety under Okawaru
  6519 | D:7      | Reached skill level 9 in Shields
  6985 | D:8      | Noticed Grum
  7004 | D:8      | Killed Grum
  7004 | D:8      | Reached ** piety under Okawaru
  7250 | D:8      | Reached XP level 10. HP: 84/84 MP: 9/9
  7546 | D:8      | Noticed a manticore
  7559 | D:8      | Killed a manticore
  7560 | D:8      | Reached skill level 10 in Shields
  8081 | D:8      | Noticed a deep elf pyromancer
  8105 | D:8      | Killed a deep elf pyromancer
  8106 | D:8      | Reached skill level 11 in Shields
  8470 | D:8      | Reached *** piety under Okawaru
  8471 | D:8      | Reached skill level 1 in Invocations
  8732 | D:9      | Noticed a deep elf pyromancer
  8737 | D:9      | Killed a deep elf pyromancer
  8737 | D:9      | Reached **** piety under Okawaru
  8738 | D:9      | Reached skill level 10 in Armour
  8767 | D:9      | Noticed aoei's ghost (novice DDFi)
  8768 | D:9      | Found a transporter.
  8768 | D:9      | Found a transporter.
  8773 | D:9      | Noticed a boulder beetle
  8815 | D:9      | Identified the +4 dagger "Anauhiycs" {protect, *Rage rF+
                  | Will+}
  8831 | D:9      | Got the Catalogue of Creation and the Glacier
  8881 | D:9      | Noticed a centaur warrior
  8893 | D:9      | Found a staircase to the Lair.
  8949 | D:9      | Noticed a two-headed ogre
  8963 | D:9      | Killed a two-headed ogre
  8964 | D:9      | Reached skill level 12 in Shields
  8964 | D:9      | Reached XP level 11. HP: 35/92 MP: 10/10
  9465 | D:10     | Entered Level 10 of the Dungeon
  9531 | D:10     | HP: 4/92 [yak (12)]
  9917 | D:10     | Killed from afar by a vampire

Illustrated notes

Levels and vault maps discovered:
D:1:      dpeg_arrival_tiny_g, layout_rooms, serial_corexii_hall,
          corexii_hall_statues_x, corexii_hall_statues_t
D:2:      layout_basic, dreamdust_ecumenical_altar_drowned_temple,
          kennysheep_generic_room_16, uniq_terence
D:3:      layout_loops_corners, nicolae_overflow_ecumenical_swirl,
          serial_park_tiny_1, uniq_robin, uniq_natasha
D:4:      layout_rooms, serial_shops, shop, nicolae_ossuary_entry_giza,
          st_stairs_1, kennysheep_orc_chapel
D:5:      layout_loops_ring, hangedman_abyss_or_decor_stabs,
          kennysheep_cluttered_room, minmay_misc_feat_ornament, uniq_sigmund
D:6:      cheibrodos_thug_alley, layout_cave_pools,
          minmay_temple_entry_statues_pillars, ebering_ghost_rock_garden,
          uniq_edmund
D:7:      layout_basic, grunt_ministairs_9
D:8:      layout_gridville, serial_bayou_pond_e, grunt_ministairs_14,
          minivault_21, nrook_mini_vaults, grunt_potential, uniq_grum
D:9:      layout_rooms, lair_entry_dummy, nzn_ghost_randoct, minivault_19
D:10:     layout_grid_maze, serial_shops, nicolae_shop_advertising_works
          [nicolae_subvault_shop_adworks], evilmike_butchery, uniq_sonja
Temple:   nicolae_temple_the_god_donut

Skill      XL: |  1  2  3  4  5  6  7  8  9 10 11 |
---------------+----------------------------------+-----
Fighting       | 4 5 6 7 |  7.2
Armour         | 4 5 6 7 9 10 | 10.1
Long Blades    | 3 4 6 7 8 |  8.0
Shields        | 4 5 7 9 12 | 12.3
Dodging        | 1 2 3 4 |  4.7
Short Blades   | 2 4 6 7 |  7.6
Invocations    | 1 |  1.1
Stealth        | |  0.8

Action                   |  1- 3 |  4- 6 |  7- 9 | 10-12 || total
-------------------------+-------+-------+-------+-------++-------
Melee: Long sword        |    72 |   154 |       |       ||   226
       Headbutt          |     8 |    36 |    47 |    46 ||   137
       Dagger            |       |    18 |   310 |   124 ||   452
       Falchion          |       |       |       |   111 ||   111
Invok: Heroism           |       |       |       |     7 ||     7
  Use: Potion            |       |       |     5 |     1 ||     6
       Scroll            |       |       |     4 |       ||     4
Armor: Scale mail        |    49 |    79 |     1 |       ||   129
       Chain mail        |       |       |   165 |    50 ||   215
       Plate armour      |       |       |       |    37 ||    37
Dodge: Dodged            |    37 |    73 |    59 |    32 ||   201
Block: Buckler           |    18 |    30 |       |       ||    48
       Tower shield      |       |     9 |   267 |   177 ||   453
